AoeStats
← MZTK | GaboxNet .i.

Nomad

510136592Analyzed
2v2 RM · 2d ago on Sep 29, 2026· 29m 59s· 4 players
Game mode
Random Map
Map size
176×176
Population
200
Speed
Normal
Resources
Standard
Victory
Conquest
Starting age
Dark Age
Ending age
Imperial Age
RankedLock teamsTeams togetherTeam positionsShared explorationLock speedFull tech treeHidden civsTurbo modeCheats
Victory
Defeat
🇪🇸 Japanese · Spain
1319
+14
🇲🇽 Italians · Mexico
1132
+22
🇦🇷 Koreans · Argentina
1284
-19
🇦🇷 Malay · Argentina
1238
-17
MZTK | GaboxNet .i.
4:47 Loom
12:50 Feudal Age
13:27 Double-Bit Axe
18:11 Fishing Lines
23:45 Castle Age
23:07 Gold Mining
25:56 Bow Saw
27:46 Wheelbarrow
27:31 Gillnets
stiven15678
4:37 Loom
14:09 Feudal Age
18:16 Double-Bit Axe
24:37 Castle Age
23:06 Fletching
23:18 Fishing Lines
23:50 Gold Mining
25:30 Medium Warships
25:18 Bodkin Arrow
25:53 Gillnets
28:25 Padded Archer Armor
29:31 Horse Collar
30:12 Bow Saw
AASC | FreakinTinto
4:27 Loom
13:27 Feudal Age
13:50 Double-Bit Axe
15:47 Town Watch
22:16 Castle Age
22:40 Bow Saw
23:27 Forging
23:12 Fletching
24:08 Medium Warships
24:05 Gold Mining
24:07 Stone Mining
27:30 Demolition Ship
29:30 Wheelbarrow
AASC | TITO_PUENTE
6:13 Loom
13:42 Feudal Age
14:54 Town Watch
17:40 Castle Age
16:14 Double-Bit Axe
18:14 Fletching
18:52 Medium Warships
20:20 Wheelbarrow
20:46 Town Patrol
21:00 Bow Saw
22:00 Crossbowman
22:44 Horse Collar
30:48 Imperial Age
28:49 Bodkin Arrow
29:49 Thumb Ring
29:48 Stone Mining
30:03 Gold Mining
Connection lost

Rejoining the realm…

Still unreachable

The connection could not be restored.

Session expired

The server has moved on; the page needs a fresh start.